 Dungeon Crawl Stone Soup version 0.20.1-1-g8b1a95d (webtiles) character file.

39 Irenicus the Insei (level 3, -2/26 HPs)
             Began as an Octopode Chaos Knight on Oct 17, 2017.
             Slain by a gnoll
             ... wielding a +0 spear
              (9 damage)
             ... on level 2 of the Dungeon.
             The game lasted 00:01:31 (485 turns).

Irenicus the Insei (Octopode Chaos Knight)           Turns: 485, Time: 00:01:32

Health: -2/26      AC:  1    Str: 16    XL:     3   Next: 45%
Magic:  3/3        EV: 13    Int: 14    God:    Xom [..*...]
Gold:   55         SH:  0    Dex: 12    Spells: 2/2 levels left

rFire    . . .     SeeInvis .     - Unarmed
rCold    . . .     Gourm    .   (no shield)
rNeg     . . .     Faith    .   (helmet restricted)
rPois    .         Spirit   .   (no amulet)
rElec    .         Reflect  .   d - ring of protection from magic
rCorr    .         Harm     .   (no ring)
MR       +....                  (no ring)
Stlth    ++........             (no ring)
Regen    0.1/turn               (no ring)
MPRegen  0.1/turn               (no ring)
                                (no ring)
                                (no ring)

@: mighty
A: almost no armour, stealthy swim, amphibious, 8 rings, constrict 8, camouflage
1, gelatinous body 1
a: Renounce Religion


You were on level 2 of the Dungeon.
You worshipped Xom.
You were a toy of Xom.
You were not hungry.

You visited 1 branch of the dungeon, and saw 2 of its levels.

You collected 55 gold pieces.

Inventory:

Hand Weapons
 i - a +2 hunting sling of freezing
Jewellery
 d - a ring of protection from magic (left tentacle)
Scrolls
 e - a scroll of fear {unknown}
 h - 2 scrolls of identify {unknown}
 j - a scroll of immolation {unknown}
 k - a scroll of blinking {unknown}
Potions
 c - a potion of flight {unknown}
 g - a potion of degeneration {unknown}
Comestibles
 a - a bread ration
 b - a meat ration
 f - 8 fruits


   Skills:
 - Level 3.0 Fighting
 - Level 2.3 Dodging
 + Level 4.4 Unarmed Combat


You had 2 spell levels left.
You didn't know any spells.

Dungeon Overview and Level Annotations

Branches:
Dungeon (2/15)

Altars:


Innate Abilities, Weirdness & Mutations

You cannot wear most types of armour.
You are very stealthy in the water. (Stealth+)
You are amphibious.
You can wear up to eight rings at the same time.
You can use your tentacles to constrict eight enemies at once.
Your skin changes colour to match your surroundings (Stealth+).
Your rubbery body absorbs attacks. (AC +1, EV +1)


Message History

The gnoll closely misses you.
An adder comes into view.
You release your grip on the gnoll.
You aren't carrying any items that you can evoke.
Put on which piece of jewellery? (? for menu, Esc to quit)
Okay, then.
Xom smiles on you.
You feel very mighty all of a sudden.
Items here: ) ††† a dagger; a jackal corpse x2; a goblin corpse You bludgeon the gnoll!
You kill the gnoll!
The gnoll hits you from afar with a spear.
The gnoll barely misses you. The gnoll hits you but does no damage.
You tentacle-slap the gnoll. Your grab misses the gnoll.
The gnoll is heavily wounded.
The gnoll hits you from afar with a spear.
* * * LOW HITPOINT WARNING * * *
The gnoll hits you with a spear!
You die...

.# .# ... g# ... #########
.# ... ##.......#. g# #.#
#.........s .# ### #.#
#.......... .###.## #.#
#..<......#
......#####.#####.......##
######........gg@#.....##
###......##.##...##
#.####.##......# #.#
#.#######.# ... #.# .#
##.# #.# .# #.# #.# #..
..# ..#


You could see 2 gnolls.

Vanquished Creatures
  A gnoll (D:2)
  A dart slug (D:1)
  4 bats (D:1)
  2 giant cockroaches (D:1)
  3 goblins
  5 hobgoblins
  2 jackals (D:2)
  A kobold (D:1)
  3 frilled lizards (D:1)
  3 rats (D:1)
25 creatures vanquished.

Vanquished Creatures (others)
  A rat (D:1)
1 creature vanquished.

Grand Total: 26 creatures vanquished

Notes
Turn   | Place    | Note
-------+----------+-------------------------------------------
     0 | D:1      | Irenicus the Octopode Chaos Knight began the quest for the Orb.
     0 | D:1      | Reached XP level 1. HP: 16/16 MP: 1/1
    95 | D:1      | Reached XP level 2. HP: 16/21 MP: 2/2
   201 | D:1      | XOM: butterfly on damage
   296 | D:1      | Reached skill level 4 in Unarmed Combat
   417 | D:1      | Reached XP level 3. HP: 18/26 MP: 3/3
   479 | D:2      | XOM: potion effect (might)
   485 | D:2      | Slain by a gnoll

Skill      XL: |  1  2 |
---------------+-------+-----
Unarmed Combat | 4 |  4.4
Fighting       | |  3.0
Dodging        | |  2.3

Action                   || total
-------------------------++-------
Melee: Unarmed           ||    60
       Constrict         ||    18
       Tentacles         ||     9
 Stab: Sleeping          ||     4
Armor: Skin              ||     7
Dodge: Dodged            ||    40
